 Dungeon Crawl Stone Soup version 0.29.1-15-g9cfb28693d (webtiles) character file.

Game seed: 15871696898054019789

13290 BlackCrag the Thaumaturge (level 11, -4/57 HPs)
             Began as a Deep Elf Earth Elementalist on Mar 26, 2023.
             Was an Elder of Vehumet.
             Slain by an orc knight
             ... wielding a +0 long sword
              (14 damage)
             ... on level 11 of the Dungeon.
             The game lasted 01:00:45 (11396 turns).

BlackCrag the Thaumaturge (DEEE)                   Turns: 11396, Time: 01:00:45

Health: -4/57      AC: 10    Str:  5    XL:     11   Next: 73%
Magic:  13/30      EV: 12    Int: 29    God:    Vehumet [****..]
Gold:   605        SH:  0    Dex: 15    Spells: 13/36 levels left

rFire   + . .      SeeInvis +   B - +4 morningstar of the Ten Scars {vorpal, Will+ SInv Stlth+}
rCold   + . .      Faith    .   (no shield)
rNeg    . . .      Spirit   .   E - +0 troll leather armour
rPois   .          Reflect  .   h - +2 helmet
rElec   +          Harm     .   (no cloak)
rCorr   .          Rampage  .   i - +0 pair of gloves
Will    ++...                   c - +1 pair of boots of the Sturgeon {rElec rF+ Int+4}
Stlth   +++.......              (no amulet)
HPRegen 0.99/turn               m - ring of flight
MPRegen 0.22/turn               p - ring of protection from cold

@: flying, slowed, invisible, very slow
A: no striking features
a: Renounce Religion


You were on level 11 of the Dungeon.
You worshipped Vehumet.
Vehumet was greatly pleased with you.
You visited 2 branches of the dungeon, and saw 12 of its levels.

You collected 605 gold pieces.

Inventory:

Hand Weapons
 o - a +2 vorpal sling
 B - the +4 morningstar of the Ten Scars (weapon) {vorpal, Will+ SInv Stlth+}
   (You took it off an orc wizard on level 10 of the Dungeon)

   It inflicts extra damage upon your enemies.
   SInv:      It lets you see invisible.
   Will:      It increases your willpower.
   Stlth:     It makes you more stealthy.
Missiles
 f - a throwing net
Armour
 a - a +0 robe
 c - the +1 pair of boots of the Sturgeon (worn) {rElec rF+ Int+4}
   (You found it on level 8 of the Dungeon)

   Int:       It affects your intelligence (+4).
   rF:        It protects you from fire.
   rElec:     It insulates you from electricity.
 h - a +2 helmet (worn)
 i - a +0 pair of gloves (worn)
 E - a +0 troll leather armour (worn)
Jewellery
 m - a ring of flight (left hand)
 n - a ring of fire
 p - a ring of protection from cold (right hand)
Wands
 d - a wand of paralysis (8)
 s - a wand of iceblast (8)
Scrolls
 e - 5 scrolls of noise {unknown}
 g - 2 scrolls of poison {unknown}
 j - 3 scrolls of immolation {unknown}
 k - 7 scrolls of teleportation
 l - 2 scrolls of fear {unknown}
 r - a scroll of butterflies {unknown}
 v - 2 scrolls of enchant armour
 x - 2 scrolls of magic mapping {unknown}
 y - a scroll of vulnerability {unknown}
 C - a scroll of blinking
Potions
 b - 2 potions of magic
 u - 2 potions of cancellation
 w - 2 potions of brilliance
 z - a potion of invisibility
 A - 4 potions of heal wounds
 D - a potion of might {unknown}
 G - a potion of degeneration {unknown}


   Skills:
 + Level 2.1 Fighting
 + Level 6.3 Ranged Weapons
 + Level 2.0 Armour
 + Level 4.1 Dodging
 + Level 4.0 Stealth
 + Level 13.2 Spellcasting
 * Level 8.1 Conjurations
 - Level 2.0 Necromancy
 + Level 2.3 Transmutations
 * Level 5.6 Fire Magic
 * Level 12.2 Earth Magic
 + Level 1.3 Evocations


You had 13 spell levels left.
You knew the following spells:

 Your Spells              Type           Power      Damage    Failure   Level
a - Sandblast             Erth           100%       2d20      1%          1
b - Passwall              Tmut/Erth      47%        N/A       1%          2
c - Stone Arrow           Conj/Erth      100%       3d13      1%          3
d - Petrify               Tmut/Erth      57%        N/A       2%          4
e - Foxfire               Conj/Fire      100%       2x1d9     1%          1
f - Conjure Flame         Conj/Fire      56%        6-21      1%          3
g - Borgnjor's Vile Clut  Necr/Erth      28%        N/A       6%          5
h - Flame Wave            Conj/Fire      56%        2d13      1%          4

Your spell library contained the following spells:

 Spells                   Type           Power      Damage    Failure   Level
 Freezing Cloud           Conj/Ice/Air   17%        6-21      11%         5
 Freeze                   Ice            76%        1d9       1%          1
 Inner Flame              Hex/Fire       35%        N/A       1%          3
 Hailstorm                Conj/Ice       42%        3d10      2%          4
 Frozen Ramparts          Ice            38%        1d6       3%          3
 Animate Dead             Necr           30%        N/A       19%         4
 Death Channel            Necr           15%        N/A       96%         6


Dungeon Overview and Level Annotations

Branches:
Dungeon (11/15)            Temple (1/1) D:6            Lair (0/5) D:11
    Orc (0/2) D:10

Altars:
Ashenzari
Cheibriados
Dithmenos
Elyvilon
Fedhas
Gozag
Hepliaklqana
Kikubaaqudgha
Makhleb
Nemelex Xobeh
Okawaru
Qazlal
Ru
Sif Muna
Trog
Uskayaw
Vehumet
Wu Jian
Xom
Yredelemnul
Zin
The Shining One

Shops:
D:9 =   D:11 *


Message History

The zombie hands constrict the orc knight!!
You feel very sick.
You hear an angry hiss.
The zombie hands release their grip on the orc knight.
The wyvern closely misses you.
Sonja casts a spell.
Sonja blinks!
A komodo dragon comes into view.
The warg bites you. The wyvern barely misses you.
Sonja mumbles some strange words.
Sonja blinks!
A wave of flame ripples out!
The flame wave engulfs the wyvern!
The wyvern is severely wounded.
The flame wave engulfs the warg!!
The warg is almost dead.
The flame wave engulfs the orc knight.
The orc knight is severely wounded.
The flame wave engulfs Sonja!
You kill Sonja!
Vehumet accepts your kill.
The flame wave engulfs the orc!!
You kill the orc!
Vehumet accepts your kill.
You feel your power returning.
You finish channelling waves of flame.
You feel sick. The wyvern bites you.
* * * LOW HITPOINT WARNING * * *
The warg barely misses you. The wyvern closely misses you.
The warg closely misses you.
Your Armour skill increases to level 2!
You feel better. The wyvern barely misses you. The warg barely misses you.
The wyvern bites you. The warg bites you!
* * * LOW HITPOINT WARNING * * *
The orc knight hits you with a +0 long sword!
* * * LOW HITPOINT WARNING * * *
The wyvern bites you but does no damage.
Okay, then.
You fade into invisibility!
The warg bites you but does no damage. The wyvern misses you.
The orc knight hits you with a +0 long sword!
You die...

.......
#####..........
...............
...............
.....).........
....>..........
.....)[........
....)...†.§§§..
....)))@l.§§§..
....))oh††.§§..
......#..§.....
...))..l.......
...). .).......
)......P...P.>.
...) .....P..(.
........P...P..


You could see an orc knight (unable to see you), a komodo dragon (unable to see
you), a warg and a wyvern (unable to see you).

Vanquished Creatures
  A boulder beetle (D:11)
  2 two-headed ogres
  Sonja (D:11)
  A deep elf pyromancer (D:10)
  A cyclops (D:8)
  A manticore (D:10)
  An ugly thing (D:11)
  An unseen horror (D:11)
  2 kobold demonologists (D:11)
  2 trolls (D:9)
  A vampire (D:10)
  A wraith (D:11)
  21 yaks
  5 wyverns
  A steam dragon (D:10)
  Grum (D:11)
  5 water moccasins
  4 orc warriors
  An ice beast (D:7)
  2 sky beasts (D:7)
  A black bear (D:6)
  4 centaurs
  An ogre (D:4)
  2 wolves (D:11)
  2 phantoms
  2 bullfrogs
  2 gnoll sergeants
  3 kobold brigands
  3 scorpions
  3 wights (D:7)
  6 killer bees (D:9)
  A howler monkey (D:7)
  4 orc priests
  2 hounds
  An iguana (D:11)
  Ijyb (D:5)
  Terence (D:3)
  10 orc wizards
  15 gnolls
  9 adders
  A shadow imp (D:8)
  2 white imps
  A worm (D:2)
  6 dart slugs
  61 orcs
  5 endoplasms
  A giant cockroach (D:1)
  4 hobgoblins
  2 quokkas
  6 ball pythons
  6 bats
  2 frilled lizards
  7 goblins
  17 kobolds
  3 rats
252 creatures vanquished.

Vanquished Creatures (others)
  21 foxfires
  2 fungi (D:11)
  12 plants (D:11)
35 creatures vanquished.

Grand Total: 287 creatures vanquished

Notes
Turn   | Place    | Note
-------+----------+-------------------------------------------
     0 | D:1      | BlackCrag the Deep Elf Earth Elementalist began the quest
                  | for the Orb.
     0 | D:1      | Reached XP level 1. HP: 10/10 MP: 6/6
   193 | D:1      | Reached XP level 2. HP: 15/15 MP: 5/8
   224 | D:1      | Learned a level 2 spell: Passwall
   384 | D:1      | Found a faded altar of an unknown god.
   857 | D:2      | Reached XP level 3. HP: 19/19 MP: 3/10
   861 | D:2      | Learned a level 3 spell: Stone Arrow
   936 | D:2      | Reached skill level 4 in Spellcasting
  1314 | D:3      | Reached XP level 4. HP: 24/24 MP: 10/12
  1513 | D:3      | Found a radiant altar of Vehumet.
  1522 | D:3      | Became a worshipper of Vehumet
  1823 | D:3      | Learned a level 4 spell: Petrify
  2025 | D:3      | Reached skill level 5 in Earth Magic
  2063 | D:3      | Learned a level 1 spell: Foxfire
  2189 | D:3      | Noticed Terence
  2209 | D:3      | Killed Terence
  2210 | D:3      | Reached XP level 5. HP: 19/28 MP: 1/14
  2498 | D:4      | Noticed an ogre
  2511 | D:4      | Killed an ogre
  2512 | D:4      | Reached skill level 1 in Ranged Weapons
  2512 | D:4      | Reached skill level 5 in Spellcasting
  2782 | D:4      | Found a sparkling altar of Nemelex Xobeh.
  2786 | D:4      | Found a shadowy altar of Dithmenos.
  2897 | D:4      | Reached skill level 1 in Conjurations
  2897 | D:4      | Reached skill level 1 in Fire Magic
  2897 | D:4      | Reached XP level 6. HP: 32/32 MP: 8/16
  3293 | D:5      | Entered Level 5 of the Dungeon
  3473 | D:5      | Reached skill level 6 in Spellcasting
  3640 | D:5      | Found an iron altar of Okawaru.
  3652 | D:5      | Found a sacrificial altar of Ru.
  3747 | D:5      | Reached XP level 7. HP: 36/36 MP: 13/18
  3747 | D:5      | Noticed Ijyb
  3751 | D:5      | Learned a level 3 spell: Conjure Flame
  3783 | D:5      | Killed Ijyb
  4312 | D:6      | Found a staircase to the Ecumenical Temple.
  4344 | D:6      | Reached skill level 7 in Spellcasting
  4366 | Temple   | Entered the Ecumenical Temple
  4988 | D:6      | Reached * piety under Vehumet
  4988 | D:6      | Offered knowledge of Magic Dart by Vehumet.
  5071 | D:6      | Reached XP level 8. HP: 32/42 MP: 10/21
  5441 | D:7      | Reached skill level 8 in Spellcasting
  5567 | D:7      | Reached skill level 1 in Fighting
  5767 | D:7      | Found a burning altar of Makhleb.
  5853 | D:7      | Reached skill level 9 in Spellcasting
  6065 | D:7      | Learned a level 5 spell: Borgnjor's Vile Clutch
  6665 | D:7      | Reached XP level 9. HP: 47/47 MP: 11/24
  7187 | D:8      | Identified the +1 pair of boots of the Sturgeon {rElec rF+
                  | Int+4}
  7384 | D:8      | Reached ** piety under Vehumet
  7384 | D:8      | Offered knowledge of Shock by Vehumet.
  7464 | D:8      | Reached skill level 10 in Spellcasting
  7664 | D:8      | Noticed a cyclops
  7677 | D:8      | Killed a cyclops
  7678 | D:8      | Reached skill level 5 in Ranged Weapons
  8300 | D:9      | Noticed a troll
  8308 | D:9      | Killed a troll
  8546 | D:9      | Noticed a troll
  8557 | D:9      | Killed a troll
  8558 | D:9      | Reached skill level 5 in Conjurations
  8810 | D:9      | Noticed a two-headed ogre
  8819 | D:9      | Killed a two-headed ogre
  8820 | D:9      | Reached skill level 11 in Spellcasting
  8820 | D:9      | Reached XP level 10. HP: 52/52 MP: 8/27
  8914 | D:9      | Found Miomush's Jewellery Emporium.
  9211 | D:9      | Reached skill level 10 in Earth Magic
  9291 | D:9      | Found a broken altar of Ashenzari.
  9392 | D:9      | Offered knowledge of Searing Ray by Vehumet.
  9644 | D:10     | Entered Level 10 of the Dungeon
  9707 | D:10     | Found a staircase to the Orcish Mines.
  9713 | D:10     | Reached *** piety under Vehumet
  9726 | D:10     | Offered knowledge of Sticky Flame by Vehumet.
  9941 | D:10     | Reached skill level 1 in Armour
 10157 | D:10     | Noticed a manticore
 10159 | D:10     | Noticed a deep elf pyromancer
 10166 | D:10     | Identified the +4 morningstar of the Ten Scars {vorpal,
                  | Will+ SInv Stlth+}
 10167 | D:10     | Killed a manticore
 10168 | D:10     | Reached skill level 1 in Necromancy
 10181 | D:10     | Killed a deep elf pyromancer
 10399 | D:10     | Reached skill level 12 in Spellcasting
 10569 | D:10     | Reached XP level 11. HP: 56/56 MP: 7/29
 10853 | D:11     | Noticed a two-headed ogre
 10857 | D:11     | Noticed Sonja
 10858 | D:11     | Killed a two-headed ogre
 10859 | D:11     | Reached skill level 1 in Evocations
 10979 | D:11     | Found Woazani's General Store.
 11068 | D:10     | Learned a level 4 spell: Flame Wave
 11108 | D:11     | Noticed a boulder beetle
 11115 | D:11     | Killed a boulder beetle
 11115 | D:11     | Reached **** piety under Vehumet
 11248 | D:11     | Reached skill level 5 in Fire Magic
 11249 | D:11     | Noticed Grum
 11255 | D:11     | Killed Grum
 11369 | D:11     | Found a staircase to the Lair.
 11372 | D:11     | Noticed a red ugly thing
 11376 | D:11     | Offered knowledge of Freezing Cloud by Vehumet.
 11384 | D:11     | Reached skill level 13 in Spellcasting
 11385 | D:11     | Killed a red ugly thing
 11385 | D:11     | Noticed an orc knight
 11394 | D:11     | Killed Sonja
 11396 | D:11     | Slain by an orc knight

Illustrated notes

Levels and vault maps discovered:
D:1:      minmay_arrival_nine_rooms, layout_loops_cross,
          dilly_ecumenical_altar_fadedgnrine
D:2:      layout_rooms, kennysheep_generic_room_10
D:3:      wander_river, layout_basic, mainiacjoe_overflow_boulevard,
          grunt_ministairs_1, hangedman_decor_points, uniq_terence
D:4:      layout_basic, grunt_temple_overflow_open
D:5:      layout_gridville, nicolae_overflow_squiral, uniq_ijyb
D:6:      layout_basic, temple_pool_b
D:7:      layout_loops_corners, marbit_many_paths, hex_tiny
D:8:      layout_loops_ring
D:9:      layout_loops_corners, overflow_temple_1_default, serial_shops, shop,
          nicolae_water_bricks
D:10:     layout_gridville, hiddenorc2_lemuel, minmay_checkerbox
D:11:     layout_rooms, minmay_lair_entry_grove, nicolae_stop_n_shop_1,
          uniq_sonja, uniq_grum
Temple:   eino_wide_crystal_templ

Skill      XL: |  1  2  3  4  5  6  7  8  9 10 11 |
---------------+----------------------------------+-----
Earth Magic    | 4 5 6 7 9 11 12 | 12.2
Spellcasting   | 4 5 6 7 9 11 12 13 | 13.2
Ranged Weapons | 1 2 3 4 5 6 |  6.3
Conjurations   | 1 2 3 5 6 8 |  8.1
Fire Magic     | 1 2 3 4 5 |  5.6
Fighting       | 1 2 |  2.1
Stealth        | 3 4 |  4.0
Armour         | 1 2 |  2.0
Dodging        | 3 4 |  4.1
Necromancy     | 2 |  2.0
Transmutations | 2 |  2.3
Evocations     | 1 |  1.3

Action                   |  1- 3 |  4- 6 |  7- 9 | 10-12 || total
-------------------------+-------+-------+-------+-------++-------
Melee: Morningstar       |       |       |       |     3 ||     3
 Fire: Sling             |       |    20 |    64 |    42 ||   126
 Cast: Sandblast         |    43 |    43 |    42 |    34 ||   162
       Stone Arrow       |       |    16 |    80 |    68 ||   164
       Foxfire           |       |     6 |     8 |       ||    14
       Conjure Flame     |       |       |    13 |     3 ||    16
       Petrify           |       |       |     5 |     2 ||     7
       Borgnjor's Vile C |       |       |     2 |    14 ||    16
       Passwall          |       |       |       |     1 ||     1
       Flame Wave        |       |       |       |     8 ||     8
Evoke: Wand              |       |       |     8 |     9 ||    17
  Use: Scroll            |       |     3 |    13 |     1 ||    17
       Potion            |       |       |     1 |     2 ||     3
Armor: Robe              |     1 |     5 |    15 |       ||    21
       Troll leather arm |       |       |       |    30 ||    30
Dodge: Dodged            |     3 |     5 |    20 |    51 ||    79
